 Dungeon Crawl Stone Soup version 0.17-a0-802-g1f09329 (console) character file.

90 dunyain the Chopper (level 4, -4/33 HPs)
             Began as a Demonspawn Gladiator on Apr 26, 2015.
             Slain by an adder (5 damage)
             ... on level 2 of the Dungeon.
             The game lasted 00:02:26 (1910 turns).

dunyain the Chopper (Demonspawn Gladiator)          Turns: 1910, Time: 00:02:26

Health: -4/33      AC:  5    Str: 15    XL:     4   Next: 32%
Magic:  4/4        EV: 12    Int:  9    God:
Gold:   61         SH:  0    Dex: 15    Spells: 0 memorised, 3 levels left

rFire  . . .     SeeInvis .     a - +0 war axe
rCold  . . .     Clarity  .     b - +0 leather armour
rNeg   . . .     SustAb   .     (no shield)
rPois  .         Gourm    .     c - +0 helmet
rElec  .         Spirit   .     (no cloak)
rCorr  .         Warding  .     (no gloves)
rMut   .         Stasis   .     l - +0 pair of boots
MR     .....                    (no amulet)
Stlth  ++........               (no ring)
                                (no ring)

@: lethally poisoned (-4 -> -12), not resistant to hostile enchantments,
unstealthy
A: hooves 1, nightstalker 1
a: no special abilities


You were on level 2 of the Dungeon.
You were not hungry.

You visited 1 branch of the dungeon, and saw 2 of its levels.

You collected 61 gold pieces.

Inventory:

Hand weapons
 a - a +0 war axe (weapon)
Missiles
 d - 3 throwing nets (quivered)
Armour
 b - a +0 leather armour (worn)
 c - a +0 helmet (worn)
 l - a +0 pair of boots (worn)
Scrolls
 k - 3 scrolls of amnesia {unknown}
 p - a scroll of identify {unknown}
Comestibles
 e - a bread ration
 f - 2 beef jerkies
 h - a meat ration
 n - 3 fruits
 o - 6 chunks of flesh


   Skills:
 - Level 2.0 Fighting
 + Level 4.7 Axes
 - Level 1.7 Throwing
 - Level 2.6 Dodging


You had 3 spell levels left.
You didn't know any spells.

Dungeon Overview and Level Annotations

Branches:
Dungeon (2/15)

Altars:
Makhleb


Innate Abilities, Weirdness & Mutations

You have large cloven feet.
You are slightly more attuned to the shadows.


Message History

The adder poisons you! The adder closely misses you.
You closely miss the adder.
You feel sick. The adder closely misses you.
You miss the adder.
You feel sick. The adder bites you but does no damage. The adder bites you.
Your leather armour prevents you from hitting the adder.
You feel sick. The adder bites you but does no damage. The adder misses you.
You barely miss the adder. The adder closely misses you.
You miss the adder.
You feel sick. The adder bites you.
* * * LOW HITPOINT WARNING * * *
You are lethally poisoned!
The adder poisons you! The adder barely misses you.
You barely miss the adder.
* * * LOW HITPOINT WARNING * * *
You feel sick. The adder bites you.
* * * LOW HITPOINT WARNING * * *
The adder barely misses you.
You closely miss the adder.
* * * LOW HITPOINT WARNING * * *
You feel sick. The adder bites you.
You die...

.##
#......##......#..##########
.# ##...#.....#####..
#########..#...####
.........)........##
....)..####....##..###..
.......# ##...##.......
###########....##........
...####........##........
................@).......
######.........S.........
#..#########....... ###.##
#....... #...# #......
####.### #...... .....##
..... ......##... ###
............


You could see an adder.

Vanquished Creatures
  4 adders (D:2)
  3 giant geckos (D:1)
  A ball python (D:1)
  5 giant cockroaches
  6 hobgoblins
  4 kobolds
  6 bats
  7 giant newts
  3 goblins (D:2)
  5 jackals (D:1)
  9 rats
53 creatures vanquished.

Notes
Turn   | Place    | Note
--------------------------------------------------------------
     0 | D:1      | dunyain, the Demonspawn Gladiator, began the quest for the Orb.
     0 | D:1      | Reached XP level 1. HP: 16/16 MP: 1/1
   174 | D:1      | Reached skill level 3 in Axes
   189 | D:1      | Gained mutation: You have large cloven feet. [demonic ancestry]
   189 | D:1      | Reached XP level 2. HP: 20/22 MP: 2/2
   845 | D:1      | Reached XP level 3. HP: 27/27 MP: 3/3
   929 | D:2      | Reached skill level 4 in Axes
  1309 | D:2      | Gained mutation: You are slightly more attuned to the shadows. [demonic ancestry]
  1309 | D:2      | Reached XP level 4. HP: 31/33 MP: 4/4
  1439 | D:2      | HP: 1/33 [poisoned by an adder]
  1811 | D:2      | Found a burning altar of Makhleb.
  1811 | D:2      | Noticed a cacodemon
  1814 | D:2      | Noticed an orange demon
  1814 | D:2      | Noticed a smoke demon
  1910 | D:2      | HP: 1/33 [poisoned by an adder]
  1910 | D:2      | Slain by an adder

Action                   |  1- 3 |  4- 6 || total
-------------------------+-------+-------++-------
Melee: War axe           |    95 |    53 ||   148
  Use: Potion            |       |     2 ||     2
  Eat: Chunk             |     1 |     2 ||     3
